 Dungeon Crawl Stone Soup version 0.28-a0-1518-gbe868bca14 (console) character file.

Game seed: 3234268880960712331

62393 jejorda2 the Impaler (level 15, -2/126 HPs)
             Began as a Merfolk Berserker on Jan 16, 2022.
             Was the Champion of Trog.
             Killed by divine providence
             ... invoked by an orc high priest
              (17 damage)
             ... on level 2 of the Orcish Mines.
             The game lasted 00:42:17 (23666 turns).

jejorda2 the Impaler (Merfolk Berserker)           Turns: 23666, Time: 00:42:18

Health: -2/126     AC: 20    Str: 24    XL:     15   Next: 6%
Magic:  5/5        EV: 32    Int:  8    God:    Trog [******]
Gold:   1663       SH:  0    Dex: 13    Spells: 14/14 levels left

rFire   + + .      SeeInvis .   a - +0 glaive (antimagic)
rCold   . . .      Faith    .   (shield currently unavailable)
rNeg    + . .      Spirit   .   T - +2 ring mail of the Postmodern Yaks {Rampage rF++ rN+ Will+}
rPois   .          Reflect  .   q - +2 helmet
rElec   .          Harm     .   y - +0 cloak
rCorr   .          Rampage  +   t - +2 pair of gloves
Will    ++...                   (no boots)
Stlth   +.........              m - amulet of the acrobat
HPRegen 0.31/turn               x - +4 ring of evasion
MPRegen 0.09/turn               E - +4 ring of slaying

@: on berserk cooldown, acrobatic, slowed, very slow
A: (nimble swimmer 2), mertail, iridescent scales 1
a: Renounce Religion, Berserk, Trog's Hand, Brothers in Arms


You were on level 2 of the Orcish Mines.
You worshipped Trog.
Trog was exalted by your worship.
You visited 3 branches of the dungeon, and saw 18 of its levels.

You collected 1783 gold pieces.
You spent 120 gold pieces at shops.

Inventory:

Hand Weapons
 a - a +0 antimagic glaive (weapon)
 b - a +0 trident
Missiles
 c - 581 stones
 f - 24 poisoned darts (quivered)
 u - 2 throwing nets
 F - 8 boomerangs
 U - 4 curare-tipped darts
Armour
 q - a +2 helmet (worn)
 t - a +2 pair of gloves (worn)
 y - a +0 cloak (worn)
 C - a +0 plate armour
 T - the +2 ring mail of the Postmodern Yaks (worn) {Rampage rF++ rN+ Will+}
   (You found it on level 6 of the Lair of Beasts)

   rF:        It greatly protects you from fire.
   rN:        It protects you from negative energy.
   Rampage:   It bestows one free step when moving towards enemies.
   Will:      It increases your willpower.
Jewellery
 d - a ring of fire
 e - an amulet of guardian spirit
 j - a ring of see invisible
 m - an amulet of the acrobat (around neck)
 x - a +4 ring of evasion (left hand)
 E - a +4 ring of slaying (right hand)
 L - the ring "Zatzajedd" {rElec rCorr}
   (You found it on level 4 of the Lair of Beasts)

   [ring of resist corrosion]

   rElec:     It insulates you from electricity.
   rCorr:     It protects you from acid and corrosion.
 M - a ring of flight
Wands
 i - a wand of polymorph (16)
 v - a wand of iceblast (13)
 D - a wand of mindburst (10)
 K - a wand of charming (3)
 O - a wand of flame (18)
Scrolls
 h - 5 scrolls of immolation
 k - 3 scrolls of teleportation
 o - 3 scrolls of enchant weapon
 p - 2 scrolls of fear
 B - a scroll of identify
 J - a scroll of fog
 N - 4 scrolls of blinking
 P - a scroll of enchant armour
 Q - a scroll of holy word
Potions
 g - 3 potions of lignification
 l - 6 potions of curing
 n - 6 potions of haste
 r - 4 potions of mutation
 s - 4 potions of attraction
 w - 2 potions of heal wounds
 z - 2 potions of cancellation
 A - 2 potions of magic
 G - 5 potions of ambrosia
 H - 5 potions of might
 I - 3 potions of resistance
 S - a potion of invisibility
Miscellaneous
 R - a phial of floods


   Skills:
 - Level 14.0 Fighting
 - Level 20.0 Polearms
 + Level 12.9 Armour
 - Level 6.0 Dodging
 - Level 7.0 Evocations


You had 14 spell levels left.
You didn't know any spells.
Your spell library was empty.

Dungeon Overview and Level Annotations

Branches:
Dungeon (10/15)            Temple (0/1) D:5            Lair (6/6) D:8
  Swamp (0/4) Lair:3        Snake (0/4) Lair:3        Slime (0/5) Lair:5
    Orc (2/2) D:10            Elf (0/3) Orc:2

Altars:
Cheibriados
Fedhas
Hepliaklqana
Makhleb
Xom

Shops:
D:3 *   D:8 !   D:10 *

Annotations:
Lair:4 1 runed translucent door, chunkyMonkey's ghost, adept OgFi


Innate Abilities, Weirdness & Mutations

((You are very nimble when in or above water. (Stealth+, EV+, Speed+++)))
Your lower body shifts to a powerful aquatic tail in water.
You are partially covered in iridescent scales. (AC +2)


Message History

You hit the orc high priest.
The orc high priest is severely wounded.
The neqoxec gestures at you.
Something tries to feed on your intellect!
The orc high priest barely misses you.
You hit the orc high priest but do no damage.
The orc high priest is severely wounded.
The orc knight roars a battlecry!
The orange demon barely misses you.
The orc sorcerer hits you but does no damage.
You hear a shout!
You slash the orc high priest!
The orc high priest is almost dead.
The neqoxec hits you but does no damage.
The orc high priest closely misses you.
You slice the orc high priest!!
You kill the orc high priest!
Trog accepts your kill.
The neqoxec disappears in a puff of smoke!
The soul eater disappears in a puff of smoke!
The orc knight roars a battlecry!
The orange demon stings you but does no damage.
You are no longer berserk.
You are exhausted.
You feel yourself slow down.
The orc high priest invokes the aid of Beogh against you.
Beogh smites you!
* * * LOW HITPOINT WARNING * * *
The orc sorcerer misses you.
The orc no longer looks unusually strong.
The orc sorcerer points at you and mumbles some strange words.
You resist with almost no effort. The orange demon completely misses you.
An orc wizard comes into view. It is wielding a +0 dagger.
The orc sorcerer no longer looks unusually strong. x2
The orc warrior no longer looks unusually strong.
The orc knight roars a battlecry!
The orcs go into a battle-frenzy!
The orc high priest calls down the wrath of Beogh upon you.
Beogh smites you!
You die...

....))).........# ###
#...).)#.......## ##.### #
###.####.......# ### #....# ...
#####.....#.####.#####....#....
###......#..###...#)#..........
###............##..oo.)o)))......
##.....##......###.##o4o......o..
...<...###))).###o.o.o...........
.......#..#.....@.4o.............
......#####..............##.#....
.......#.#................#.#....
.............#..###..##..#### ###
............##### ####...#
#.#.........# ## ...#........##
..#..........# ..#.......)..#


You could see an orc knight, an orc high priest (strong), an orange demon
(summoned), an ice devil (summoned), 2 orc sorcerers, an orc warrior (strong),
an orc priest (strong), 2 orc wizards and an orc (strong).

Vanquished Creatures
  Gastronok (D:8)
  An azure jelly (Lair:5)
  An orc warlord (Orc:2)
  The ghost of oldriver the Fighter, a journeyman GnCA of Ignis (Lair:1)
  8 hydras
  Erica (D:8)
  Harold (D:7)
  A catoblepas (Lair:6)
  A centaur warrior (D:8)
  A merfolk avatar (Lair:6)
  2 two-headed ogres
  2 orc high priests (Orc:2)
  Sonja (Orc:2)
  An orc knight (Orc:2)
  An orc sorcerer (Orc:2)
  A manticore (Lair:6)
  A cyclops (D:10)
  4 centaur zombies
  29 elephants
  7 black mambas
  15 cane toads
  5 komodo dragons
  3 rime drakes
  6 polar bears
  6 trolls
  2 wind drakes (Lair:6)
  2 hornets
  A queen bee (Lair:3)
  21 blink frogs
  4 snapping turtles
  2 tyrant leeches (Lair:3)
  6 dream sheep (Lair:5)
  A shadow (D:10)
  2 vampires
  5 wyverns
  5 basilisks
  27 yaks
  A steam dragon (Lair:6)
  2 wargs (Orc:2)
  6 nagas (Lair:3)
  Menkaure (D:6)
  2 swamp worms (Lair:3)
  2 acid dragons
  11 water moccasins
  23 orc warriors
  A sky beast (D:7)
  A black bear (Lair:3)
  A necrophage (D:8)
  10 ogres
  3 centaurs
  12 bullfrogs
  2 gnoll sergeants
  A wyvern skeleton (D:7)
  3 water moccasin skeletons
  18 killer bees
  2 howler monkeys (D:10)
  An electric eel (Lair:2)
  12 wights
  A bullfrog zombie (D:5)
  23 orc priests
  Crazy Yiuf (D:7)
  6 jellies
  2 gnoll shamans (D:4)
  Ijyb (D:4)
  A bullfrog skeleton (D:4)
  A centaur skeleton (D:6)
  3 iguanas
  23 orc wizards
  3 howler monkey skeletons
  A howler monkey zombie (D:9)
  18 gnolls
  2 adders
  4 shadow imps
  A white imp (D:6)
  2 ufetubi (D:4)
  An adder skeleton (D:4)
  A worm (D:3)
  3 dart slugs
  96 orcs
  5 bats
  11 endoplasms
  A giant cockroach (D:3)
  5 hobgoblins
  12 jackals
  4 kobolds
  5 quokkas
  4 ball pythons
  21 goblins
  5 rats
561 creatures vanquished.

Vanquished Creatures (collateral kills)
  5 slime creatures (Lair:5)
  15 killer bees (Lair:3)
  A jelly (Lair:5)
21 creatures vanquished.

Vanquished Creatures (others)
  An orc priest (Orc:2)
  3 bushes (Lair:2)
  51 fungi
  114 plants
169 creatures vanquished.

Grand Total: 751 creatures vanquished

Notes
Turn   | Place    | Note
-------+----------+-------------------------------------------
     0 | D:1      | jejorda2 the Merfolk Berserker began the quest for the Orb.
     0 | D:1      | Reached XP level 1. HP: 18/18 MP: 1/1
   323 | D:1      | Reached XP level 2. HP: 24/24 MP: 2/2
   613 | D:1      | Found a faded altar of an unknown god.
   952 | D:2      | Reached skill level 5 in Polearms
  1228 | D:2      | Reached XP level 3. HP: 26/29 MP: 3/3
  1980 | D:3      | Reached XP level 4. HP: 37/37 MP: 4/4
  2168 | D:3      | Reached ** piety under Trog
  2213 | D:3      | Reached skill level 6 in Polearms
  2227 | D:3      | Found Woic's General Store.
  2237 | D:3      | Bought 2 potions of curing for 60 gold pieces
  2486 | D:3      | Noticed an ogre
  2499 | D:3      | Killed an ogre
  2500 | D:3      | Reached XP level 5. HP: 42/42 MP: 5/5
  2734 | D:4      | Reached skill level 7 in Polearms
  2744 | D:4      | Reached XP level 6. HP: 49/49 MP: 6/6
  3029 | D:4      | Reached skill level 8 in Polearms
  3052 | D:4      | Found a snail-covered altar of Cheibriados.
  3176 | D:4      | Reached skill level 5 in Fighting
  3192 | D:4      | Noticed Ijyb
  3205 | D:4      | Killed Ijyb
  3206 | D:4      | Reached XP level 7. HP: 56/56 MP: 7/7
  3757 | D:4      | Reached skill level 9 in Polearms
  3866 | D:4      | Reached *** piety under Trog
  4211 | D:5      | Entered Level 5 of the Dungeon
  4486 | D:5      | Found a staircase to the Ecumenical Temple.
  4943 | D:5      | Noticed a two-headed ogre
  4950 | D:5      | Killed a two-headed ogre
  4951 | D:5      | Reached skill level 11 in Polearms
  4951 | D:5      | Reached XP level 8. HP: 64/64 MP: 8/8
  5089 | D:6      | Reached skill level 12 in Polearms
  5089 | D:6      | Reached XP level 9. HP: 61/69 MP: 9/9
  5150 | D:6      | Reached skill level 5 in Armour
  5349 | D:6      | Reached skill level 13 in Polearms
  5592 | D:6      | Noticed Menkaure
  5593 | D:6      | Found a burning altar of Makhleb.
  5600 | D:6      | Killed Menkaure
  5843 | D:6      | Found a blossoming altar of Fedhas.
  6423 | D:7      | Noticed Harold
  6436 | D:7      | Killed Harold
  6437 | D:7      | Reached skill level 14 in Polearms
  6518 | D:7      | Noticed a hornet
  6523 | D:7      | Paralysed by a hornet for 3 turns
  6533 | D:7      | Killed a hornet
  6534 | D:7      | Reached skill level 15 in Polearms
  6534 | D:7      | Reached XP level 10. HP: 8/76 MP: 10/10
  6536 | D:7      | HP: 3/76 [poisoned by a hornet]
  7014 | D:7      | Found a runed translucent door.
  7015 | D:7      | Noticed Crazy Yiuf
  7026 | D:7      | Killed Crazy Yiuf
  7131 | D:7      | Reached **** piety under Trog
  7132 | D:7      | Reached skill level 16 in Polearms
  7215 | D:7      | Found a hazy altar of Hepliaklqana.
  7681 | D:8      | Found Saazoyti's Distillery.
  7787 | D:8      | Bought a potion of heal wounds for 60 gold pieces
  8139 | D:8      | Noticed Gastronok
  8150 | D:8      | Killed Gastronok
  8151 | D:8      | Reached skill level 18 in Polearms
  8194 | D:8      | Noticed a centaur warrior
  8205 | D:8      | Killed a centaur warrior
  8275 | D:8      | Noticed Erica
  8287 | D:8      | Killed Erica
  8288 | D:8      | Reached skill level 19 in Polearms
  8288 | D:8      | Reached XP level 11. HP: 57/81 MP: 11/11
  8352 | D:8      | Found a staircase to the Lair.
  8592 | Lair:1   | Entered Level 1 of the Lair of Beasts
  8633 | Lair:1   | Reached skill level 20 in Polearms
  8834 | Lair:1   | Noticed an eight-headed hydra
  8855 | Lair:1   | Killed an eight-headed hydra
  8859 | Lair:1   | Reached skill level 5 in Dodging
  9178 | Lair:1   | Found a large runed translucent door.
  9178 | Lair:1   | Found a large runed translucent door.
  9561 | Lair:1   | Noticed oldriver's ghost (journeyman GnCA)
  9576 | Lair:1   | Noticed a four-headed hydra
  9579 | Lair:1   | Killed oldriver's ghost
  9629 | Lair:1   | Killed a four-headed hydra
 10130 | Lair:2   | Reached XP level 12. HP: 71/94 MP: 12/12
 11601 | Lair:2   | Noticed an eight-headed hydra
 11616 | Lair:2   | Killed an eight-headed hydra
 11617 | Lair:2   | Reached skill level 10 in Fighting
 12032 | Lair:3   | Noticed a five-headed hydra
 12059 | Lair:3   | Killed a five-headed hydra
 12375 | Lair:3   | Found a staircase to the Snake Pit.
 12757 | Lair:3   | Found a staircase to the Swamp.
 12884 | Lair:3   | Reached ***** piety under Trog
 13038 | Lair:3   | Reached XP level 13. HP: 104/106 MP: 13/13
 13495 | Lair:4   | Reached skill level 1 in Evocations
 13785 | Lair:4   | Identified the ring "Zatzajedd" {rElec rCorr}
 14351 | Lair:4   | Found a runed translucent door.
 14351 | Lair:4   | Found a shimmering altar of Xom.
 14351 | Lair:4   | Noticed chunkyMonkey's ghost (adept OgFi)
 15123 | Lair:5   | Found a staircase to the Slime Pits.
 15603 | Lair:5   | Reached skill level 10 in Armour
 15985 | Lair:5   | Reached skill level 5 in Evocations
 16130 | Lair:5   | Noticed an azure jelly
 16138 | Lair:5   | Killed an azure jelly
 16168 | Lair:5   | Identified the +8 flail of Lust {flame, rF+ Str+9}
 16751 | Lair:6   | Entered Level 6 of the Lair of Beasts
 16873 | Lair:6   | Reached XP level 14. HP: 118/118 MP: 14/14
 17390 | Lair:5   | HP: 8/177 [poisoned by a cane toad]
 17394 | Lair:5   | HP: 2/118 [poisoned by a cane toad]
 18339 | Lair:6   | Identified the +2 ring mail of the Postmodern Yaks {Rampage
                  | rF++ rN+ Will+}
 19504 | D:9      | Identified the +2 leather armour of Jisax {Drain rElec
                  | Dex+5}
 20384 | D:10     | Entered Level 10 of the Dungeon
 20429 | D:10     | Found Tuesam's Changing Room.
 20558 | D:10     | Received a gift from Trog
 20752 | D:10     | Paralysed by a hornet for 1 turns
 21676 | D:10     | Found a staircase to the Orcish Mines.
 22112 | Orc:1    | Entered Level 1 of the Orcish Mines
 22112 | Orc:1    | Found a burning altar of Makhleb.
 22381 | Orc:2    | Entered Level 2 of the Orcish Mines
 22410 | Orc:2    | Noticed Sonja
 22443 | Orc:2    | Killed Sonja
 22935 | Orc:2    | Found a staircase to the Elven Halls.
 22951 | Orc:2    | Noticed an orc warlord
 22980 | Orc:2    | Killed an orc warlord
 23145 | Orc:2    | Found a burning altar of Makhleb.
 23272 | Orc:2    | Reached ****** piety under Trog
 23584 | Orc:2    | Received a gift from Trog
 23585 | Orc:2    | Reached XP level 15. HP: 116/126 MP: 5/15
 23643 | Orc:2    | Gained mutation: You are partially covered in iridescent
                  | scales. (AC +2) [a neqoxec]
 23666 | Orc:2    | Killed from afar by an orc high priest

Illustrated notes

Levels and vault maps discovered:
D:1:      nzn_arrival_crosshair, layout_basic,
          shapermc_ecumenical_altar_acropolis
D:2:      layout_basic, minmay_misc_feat_four_crosses
D:3:      layout_loops_corners, serial_shops, nicolae_lakefront_shop,
          minmay_ogre_servants
D:4:      kennysheep_goblin_castle, layout_loops_corners,
          mainiacjoe_overflow_paths
D:5:      layout_loops_cross, minmay_temple_entry_antechambers
D:6:      layout_loops_ring, mainiacjoe_overflow_two_lobes, nrook_mini_vaults,
          uniq_menkaure
D:7:      layout_basic, kennysheep_little_box, uniq_harold,
          uniq_crazy_yiuf_cottage
D:8:      layout_rooms, david_lair_shrubbed, serial_shops,
          nicolae_inconvenience_store, item_on_display_a, uniq_erica,
          uniq_gastronok
D:9:      layout_gridville
D:10:     minmay_razor_zed, layout_basic, hiddenorc2_lemuel,
          amcnicky_mini_rare_corridor_liquid, nicolae_transmutations_shop
Lair:1:   layout_regular_city, ebering_ghost_disaster_area, lemuel_fruit_fields
Lair:2:   layout_layer_cave, serial_forest, infiniplex_forest_fountain,
          infiniplex_forest_clump_medium, infiniplex_forest_zigzag_1,
          infiniplex_forest_clump_long, infiniplex_forest_lined_corner,
          infiniplex_forest_clump_double, infiniplex_forest_fountain,
          infiniplex_staircase_pool
Lair:3:   layout_misc_corridors, minmay_swamp_entry_worms,
          minmay_snake_entry_guardpost_medium, special_room [special_room_bee],
          grunt_megastairs_1
Lair:4:   layout_layer_cave, ebering_ghost_xom
Lair:5:   layout_layer_cave, slime_dummy, st_stairs_3, serial_bayou_pond_d,
          nicolae_lair_time_for_slime, grunt_megastairs_3
Lair:6:   gammafunk_lair_ancient_temple, layout_loops_ring, minivault_25
Orc:1:    layout_caves, basic_altar
Orc:2:    st_orc_congregation, layout_diamond_mine, nicolae_orc_pool_cavern,
          bloody_makhleb, uniq_sonja

Skill      XL: |  1  2  3  4  5  6  7  8  9 10 11 12 13 14 |
---------------+-------------------------------------------+-----
Polearms       | 5 6 7 8 11 12 15 19 20 | 20.0
Armour         | 2 4 6 7 9 10 12 | 12.9
Fighting       | 4 5 6 8 11 13 14 | 14.0
Dodging        | 6 |  6.0
Evocations     | 6 7 |  7.0

Action                   |  1- 3 |  4- 6 |  7- 9 | 10-12 | 13-15 || total
-------------------------+-------+-------+-------+-------+-------++-------
Melee: Spear             |   105 |   169 |       |       |       ||   274
       Punch             |     2 |     2 |       |       |     2 ||     6
       Halberd           |       |    21 |   213 |   102 |       ||   336
       Tailslap          |       |     3 |       |     4 |     3 ||    10
       Glaive            |       |       |       |   394 |  1007 ||  1401
       Unarmed           |       |       |       |     5 |       ||     5
       Trident           |       |       |       |    25 |    66 ||    91
Throw: Stone             |     4 |       |     5 |     6 |     8 ||    23
       Dart              |       |       |     1 |       |       ||     1
Invok: Berserk           |     2 |     4 |     3 |    11 |    11 ||    31
       Trog's Hand       |       |       |     1 |     3 |     1 ||     5
       Brothers in Arms  |       |       |       |     1 |     1 ||     2
  Use: Scroll            |       |       |    15 |     7 |     3 ||    25
       Potion            |       |       |       |     1 |     2 ||     3
 Stab: Distracted        |       |       |       |     1 |       ||     1
       Petrified         |       |       |       |       |     4 ||     4
Armor: Ring mail         |    18 |     9 |       |       |   124 ||   151
       Scale mail        |       |    23 |     5 |       |       ||    28
       Chain mail        |       |       |    45 |    13 |       ||    58
       Plate armour      |       |       |       |   129 |   240 ||   369
Dodge: Dodged            |    49 |    96 |    94 |   183 |   571 ||   993

Table legend: (Time is in decaauts)
 A = Elapsed time spent in this place.
 B = Non-inter-level travel time spent in this place.
 C = Inter-level travel time spent in this place.
 D = Time resting spent in this place.
 E = Time spent auto-exploring this place.
 F = Levels seen in this place.
 G = Mean time per level.
                   A        B        C        D        E       F      G
               +--------+--------+--------+--------+--------+-----+--------+
         Total |  23288 |  22390 |    898 |   2348 |  16758 |  18 | 1293.8 |
       Dungeon |  11278 |  10810 |    468 |    670 |   8524 |  10 | 1127.8 |
          Lair |  10516 |  10102 |    414 |   1113 |   7668 |   6 | 1752.7 |
  Orcish Mines |   1493 |   1478 |     15 |    564 |    565 |   2 |  746.5 |
               +--------+--------+--------+--------+--------+-----+--------+

Top non-repeatable levels by time:
  Lair:5: 2996 daAuts
  Lair:2: 1788 daAuts
    D:10: 1664 daAuts
     D:4: 1545 daAuts
  Lair:4: 1544 daAuts
  Lair:3: 1536 daAuts
  Lair:1: 1499 daAuts
     D:8: 1319 daAuts
  Lair:6: 1151 daAuts
     D:6: 1141 daAuts
     D:7: 1137 daAuts
     D:3: 1118 daAuts
     D:1: 1100 daAuts
     D:9: 996 daAuts
   Orc:2: 906 daAuts
